 Dungeon Crawl Stone Soup version 0.29-a0-973-gac7da5f7f0 (webtiles) character file.

Game seed: 10188485677308048841

20 jlumianski the Trooper (level 2, 0/24 HPs)
             Began as a Demonspawn Fighter on July 31, 2022.
             Succumbed to an adder's poison
             ... on level 3 of the Dungeon.
             The game lasted 00:04:11 (1081 turns).

jlumianski the Trooper (Demonspawn Fighter)         Turns: 1081, Time: 00:04:13

Health: 0/24       AC:  7    Str: 16    XL:     2   Next: 58%
Magic:  2/2        EV:  8    Int:  9    God:
Gold:   67         SH:  4    Dex: 12    Spells: 1/1 levels left

rFire   . . .      SeeInvis .   a - +0 war axe
rCold   . . .      Faith    .   c - +0 buckler
rNeg    . . .      Spirit   .   b - +0 scale mail
rPois   .          Reflect  .   e - +0 helmet
rElec   .          Harm     .   (no cloak)
rCorr   .          Rampage  .   (no gloves)
Will    .....                   (no boots)
Stlth   ..........              (no amulet)
HPRegen 0.08/turn               (no ring)
MPRegen 0.16/turn               (no ring)

@: lethally poisoned (0 -> -1)
A: magic regeneration
a: no special abilities


You were on level 3 of the Dungeon.
You visited 1 branch of the dungeon, and saw 3 of its levels.

You collected 67 gold pieces.

Inventory:

Hand Weapons
 a - a +0 war axe (weapon)
Missiles
 f - 11 stones
 g - 11 boomerangs (quivered)
Armour
 b - a +0 scale mail (worn)
 c - a +0 buckler (worn)
 e - a +0 helmet (worn)
Scrolls
 i - a scroll of teleportation {unknown}
 k - a scroll of fog {unknown}
Potions
 d - a potion of might
 h - a potion of degeneration {unknown}
 j - a potion of flight {unknown}
 l - a potion of curing {unknown}


   Skills:
 + Level 3.2 Fighting
 + Level 2.0 Axes
 + Level 3.0 Armour
 + Level 0.1 Dodging
 + Level 2.9 Shields


You had one spell level left.
You didn't know any spells.
Your spell library was empty.

Dungeon Overview and Level Annotations

Branches:
Dungeon (3/15)

Altars:


Innate Abilities, Weirdness & Mutations

You regenerate magic rapidly.


Message History

You hit the goblin.
You kill the goblin!
You feel very sick.
You feel sick.
You see here a +0 dagger of venom.
You feel sick.
You feel sick.
You feel sick.
You feel sick.
You feel sick.
You feel sick.
You feel sick.
You are no longer poisoned.
You now have 52 gold pieces (gained 11).
Found a stone staircase leading up.
Found 5 stones.
You now have 67 gold pieces (gained 15).
An adder comes into view.
The adder hisses angrily.
Found a scroll labelled DENEKA ZITA.
The adder attacks as you move away! The adder bites you.
* * * LOW HITPOINT WARNING * * *
The adder attacks as you move away! The adder closely misses you.
You barely miss the adder. The adder barely misses you. The adder bites you.
* * * LOW HITPOINT WARNING * * *
You are poisoned.
The adder poisons you!
You slash the adder!
The adder is severely wounded.
* * * LOW HITPOINT WARNING * * *
You feel sick. You block the adder's attack.
The adder bites you but does no damage.
You closely miss the adder.
The adder is severely wounded.
* * * LOW HITPOINT WARNING * * *
You feel sick. The adder closely misses you. The adder bites you.
* * * LOW HITPOINT WARNING * * *
You barely miss the adder.
The adder is severely wounded.
You die...

.... #......#
#..#############......#
#.<...##.......#.)....#
#.##.###.................#
#...(.............#......#
.......######.......#......#
#.....# #####..............#
##.... ........S...........#
#..? #........@....#######
..... ..####...<....## .###
# ###..........#
...........#..#
.######.#####.# . #..# ..
##.### #...# ###.#


You could see an adder.

Vanquished Creatures
  A ball python (D:1)
  4 bats (D:1)
  An endoplasm (D:1)
  2 goblins
  2 hobgoblins (D:1)
  A kobold (D:1)
  4 frilled lizards (D:1)
  3 rats (D:1)
18 creatures vanquished.

Notes
Turn   | Place    | Note
-------+----------+-------------------------------------------
     0 | D:1      | jlumianski the Demonspawn Fighter began the quest for the
                  | Orb.
     0 | D:1      | Reached XP level 1. HP: 18/18 MP: 1/1
   132 | D:1      | Gained mutation: You regenerate magic rapidly. [demonic
                  | ancestry]
   132 | D:1      | Reached XP level 2. HP: 24/24 MP: 2/2
  1080 | D:3      | HP: 1/24 [adder (1)]
  1081 | D:3      | Succumbed to an adder's poison

Illustrated notes

Levels and vault maps discovered:
D:1:      denvon_arrival_waterhouse, layout_loops_ring
D:2:      layout_loops_ring, shapermc_ecumenical_altar_hornbeckon
D:3:      layout_rooms, nicolae_overflow_crystal_walls

Skill      XL: |  1  2 |
---------------+-------+-----
Armour         | 3 |  3.0
Axes           | 2 |  2.0
Fighting       | |  3.2
Dodging        | |  0.1
Shields        | |  2.9

Action                   || total
-------------------------++-------
Melee: War axe           ||    57
  Use: Potion            ||     1
Armor: Scale mail        ||    40
Dodge: Dodged            ||    22
Block: Buckler           ||    16

Table legend: (Time is in decaauts)
 A = Elapsed time spent in this place.
 B = Non-inter-level travel time spent in this place.
 C = Inter-level travel time spent in this place.
 D = Time resting spent in this place.
 E = Time spent auto-exploring this place.
 F = Levels seen in this place.
 G = Mean time per level.
                   A        B        C        D        E       F      G
               +--------+--------+--------+--------+--------+-----+--------+
         Total |   1109 |   1076 |     33 |    192 |    495 |   3 |  369.7 |
       Dungeon |   1109 |   1076 |     33 |    192 |    495 |   3 |  369.7 |
               +--------+--------+--------+--------+--------+-----+--------+

Top non-repeatable levels by time:
     D:1: 993 daAuts
     D:3: 83 daAuts
     D:2: 32 daAuts
